 Dungeon Crawl Stone Soup version 0.16.1-51-g6203257 (webtiles) character file.

451 Miyamura the Ruffian (level 6, -13/52 HPs)
             Began as a Draconian Transmuter on July 15, 2015.
             Shot with an arrow by a centaur (15 damage)
             ... on level 5 of the Dungeon.
             The game lasted 00:12:20 (4547 turns).

Miyamura the Ruffian (Draconian Transmuter)         Turns: 4547, Time: 00:12:20

Health: -13/52     AC:  3    Str: 12    XL:     6   Next: 75%
Magic:  19/21      EV: 21    Int: 16    God:
Gold:   198        SH:  0    Dex: 16    Spells: 2 memorised, 7 levels left

rFire  . . .     SeeInvis .       - Unarmed
rCold  . . .     Clarity  .     (armour unavailable)
rNeg   . . .     SustAb   .     (shield currently unavailable)
rPois  x         Gourm    .     (helmet currently unavailable)
rElec  .         Spirit   .     (cloak currently unavailable)
rCorr  .         Warding  .     w - melded +0 pair of gloves
rMut   .         Stasis   .     (boots currently unavailable)
MR     .....                    (no amulet)
Stlth  +.........               r - +1 ring of protection
                                k - ring of magical power

@: about to teleport, spider-form (expiring), not resistant to hostile
enchantments, very unstealthy
A: unfitting armour, (cold-blooded), AC +6
a: End Transformation


You were on level 5 of the Dungeon.
You were hungry.
You were a venomous arachnid creature.
You visited 1 branch of the dungeon, and saw 5 of its levels.

You collected 198 gold pieces.

Inventory:

Hand weapons
 u - a +0 dagger of flaming
Armour
 w - a +0 pair of gloves (melded)
Jewellery
 k - a ring of magical power (left front leg)
 r - a +1 ring of protection (right front leg)
Magical devices
 v - a wand of lightning (8)
Scrolls
 i - a scroll of remove curse
 o - a scroll of recharging
 p - 4 scrolls of teleportation
Potions
 c - a potion of brilliance {unknown}
 e - 2 potions of restore abilities
 h - a potion of lignification {unknown}
 j - a potion of heal wounds
 n - 3 potions of curing
 q - a potion of cancellation
 s - a potion of poison {unknown}
Books
 d - a book of Changes

   Spells                             Type                      Level
   a - Beastly Appendage              Transmutation                1
   b - Sticks to Snakes               Transmutation                2
   c - Spider Form                    Transmutation/Poison         3
   d - Ice Form                       Ice/Transmutation            4
   e - Blade Hands                    Transmutation                5
 m - a book of Flames

   Spells                             Type                      Level
   a - Flame Tongue                   Conjuration/Fire             1
   b - Throw Flame                    Conjuration/Fire             2
   c - Conjure Flame                  Conjuration/Fire             3
   d - Inner Flame                    Hexes/Fire                   3
   e - Sticky Flame                   Conjuration/Fire             4
   f - Fireball                       Conjuration/Fire             5
Comestibles
 a - 4 bread rations
 b - 4 beef jerkies
 f - 7 fruits
 g - 3 meat rations
 t - 2 slices of pizza


   Skills:
 + Level 3.8 Fighting
 + Level 3.3 Dodging
 + Level 4.2 Unarmed Combat
 + Level 3.0 Spellcasting
 + Level 3.8 Transmutations


You had 7 spell levels left.
You knew the following spells:

 Your Spells              Type           Power        Failure   Level  Hunger
a - Beastly Appendage     Trmt           ##....       14%         1    #......
b - Spider Form           Trmt/Pois      #.........   50%         3    ###....


Dungeon Overview and Level Annotations

Branches:
Dungeon (5/15)
 Temple: D:4-7

Altars:
Qazlal
Vehumet

Annotations:
D:5 Prince Ribbit


Innate Abilities, Weirdness & Mutations

((Your plain brown scales are hard (AC +6).))
Your body does not fit into most forms of armour.
((Your cold-blooded metabolism reacts poorly to cold.))


Message History

Casting: Spider Form
Confirm with . or Enter, or press ? or * to list all spells.
You turn into a venomous arachnid creature.
Your +0 pair of gloves melds into your body.
A centaur comes into view.
Prince Ribbit blinks!
The centaur wields a shortbow.
The centaur shoots an arrow.
The arrow hits you!
You see here an arrow.
Read which item? (? for menu, Esc to quit)
As you read the scroll of teleportation, it crumbles to dust.
You feel strangely unstable.
Your transformation is almost over.
The centaur shoots an arrow.
The arrow hits you! Prince Ribbit misses you.
The centaur shoots an arrow.
The arrow hits you. Prince Ribbit hits you!!
* * * LOW HITPOINT WARNING * * *
You see here an arrow.
Read which item? (? for menu, Esc to quit)
Okay, then.
The centaur shoots an arrow.
The arrow hits you!
You die...

.........)._.................#
....##########.###############
###.# #.# # #.# ###.# #.#
...... #.# ...## #.# .....#
#.#########!# .....#
#..s(..c....# .....#
###...F(...#### ...###
#........#.# ...# #.#.#..#.# #
...# #.#....#.# ...#
#.####.#.. ...# #......#.##
#### ########.. # ##


You could see Prince Ribbit and a centaur.

Vanquished Creatures
  A crimson imp (D:5)
  An orc priest (D:5)
  2 iguanas
  A giant frog skeleton (D:4)
  2 orc wizards
  2 hounds (D:5)
  A worker ant (D:4)
  Jessica (D:3)
  The ghost of Turgon the Shield-Bearer, a weakling OpFi (D:4)
  A worker ant zombie (D:5)
  4 adders
  3 gnolls (D:4)
  2 worms
  An adder skeleton (D:4)
  3 orcs
  2 ball pythons
  5 giant cockroaches
  11 goblins
  11 hobgoblins
  10 kobolds
  4 quokkas
  11 bats
  2 giant geckos
  4 giant newts
  A quokka skeleton (D:4)
  A quokka zombie (D:5)
  4 rats
92 creatures vanquished.

Vanquished Creatures (others)
  2 butterflies (D:5)
2 creatures vanquished.

Grand Total: 94 creatures vanquished

Notes
Turn   | Place    | Note
--------------------------------------------------------------
     0 | D:1      | Miyamura, the Draconian Transmuter, began the quest for the Orb.
     0 | D:1      | Reached XP level 1. HP: 16/16 MP: 3/3
   276 | D:1      | Reached XP level 2. HP: 14/23 MP: 2/4
  1319 | D:1      | Reached XP level 3. HP: 21/29 MP: 4/6
  1462 | D:1      | Learned a level 3 spell: Spider Form
  1956 | D:3      | Reached XP level 4. HP: 33/36 MP: 7/7
  2564 | D:3      | Noticed Jessica
  2571 | D:3      | Killed Jessica
  2672 | D:4      | Noticed Turgon's ghost (weakling OpFi)
  2811 | D:4      | Killed Turgon's ghost
  3115 | D:4      | Reached XP level 5. HP: 40/42 MP: 9/9
  3177 | D:4      | Learned a level 3 spell: Spider Form
  3838 | D:5      | Entered Level 5 of the Dungeon
  3904 | D:5      | Reached skill level 4 in Unarmed Combat
  3904 | D:5      | Reached XP level 6. HP: 51/51 MP: 11/11
  3916 | D:5      | Found a stormy altar of Qazlal.
  4356 | D:5      | Found a radiant altar of Vehumet.
  4542 | D:5      | Noticed Prince Ribbit
  4544 | D:5      | Noticed a centaur
  4546 | D:5      | HP: 2/52 [Prince Ribbit (19)]
  4547 | D:5      | Shot with an arrow by a centaur

Action                   |  1- 3 |  4- 6 || total
-------------------------+-------+-------++-------
Melee: Unarmed           |   138 |   256 ||   394
 Cast: Beastly Appendage |    12 |     4 ||    16
       Spider Form       |       |    16 ||    16
  Use: Scroll            |     6 |    11 ||    17
  Eat: Chunk             |     4 |    10 ||    14
